 Dungeon Crawl Stone Soup version 0.17.0-23-g0de4337 (webtiles) character file.

66 inmateoo the Firebug (level 3, -1/24 HPs)
             Began as a Demonspawn Fire Elementalist on Nov 13, 2015.
             Slain by an adder (3 damage)
             ... on level 2 of the Dungeon.
             The game lasted 00:03:19 (1480 turns).

inmateoo the Firebug (Demonspawn Fire Elementalist) Turns: 1480, Time: 00:03:19

Health: -1/24      AC:  4    Str:  8    XL:     3   Next: 96%
Magic:  0/6        EV: 11    Int: 17    God:
Gold:   69         SH:  0    Dex: 13    Spells: 1 memorised, 5 levels left

rFire  . . .     SeeInvis .     (no weapon)
rCold  . . .     Clarity  .     g - +0 leather armour (curse)
rNeg   . . .     SustAt   .     (no shield)
rPois  .         Gourm    .     (helmet restricted)
rElec  .         Spirit   .     (no cloak)
rCorr  .         Warding  .     a - +0 pair of gloves
rMut   .         Stasis   .     (no boots)
MR     .....                    (no amulet)
Stlth  ++........               (no ring)
                                (no ring)

@: lethally poisoned (-1 -> -3), very slightly contaminated, not resistant to
hostile enchantments, unstealthy
A: antennae 2
a: no special abilities


You were on level 2 of the Dungeon.
You were hungry.

You visited 1 branch of the dungeon, and saw 2 of its levels.

You collected 69 gold pieces.

Inventory:

Armour
 a - a +0 pair of gloves (worn)
 g - a cursed +0 leather armour (worn)
Jewellery
 i - a +4 ring of dexterity {unknown}
Scrolls
 d - 5 scrolls of remove curse {unknown}
 e - 4 scrolls of identify {unknown}
 j - 3 scrolls of fear {unknown}
Books
 b - a book of Flames

   Spells                             Type                      Level
   a - Flame Tongue                   Conjuration/Fire             1
   b - Throw Flame                    Conjuration/Fire             2
   c - Conjure Flame                  Conjuration/Fire             3
   d - Inner Flame                    Hexes/Fire                   3
   e - Sticky Flame                   Conjuration/Fire             4
   f - Fireball                       Conjuration/Fire             5
Comestibles
 c - a bread ration
 k - a chunk of flesh


   Skills:
 + Level 2.0 Dodging
 + Level 2.3 Stealth
 + Level 2.3 Spellcasting
 + Level 1.8 Conjurations
 * Level 3.5 Fire Magic


You had 5 spell levels left.
You knew the following spells:

 Your Spells              Type           Power        Failure   Level  Hunger
a - Flame Tongue          Conj/Fire      ##...        12%         1    #......


Dungeon Overview and Level Annotations

Branches:
Dungeon (2/15)

Altars:


Innate Abilities, Weirdness & Mutations

You have a pair of antennae on your head.


Message History

Nothing appears to happen.
You feel sick. The adder bites you but does no damage.
The adder closely misses you.
You feel sick. The adder barely misses you.
You are starting to lose your buoyancy.
You feel sick. The adder barely misses you.
You feel sick. The adder bites you.
* * * LOW HITPOINT WARNING * * *
Casting: Flame Tongue
Confirm with . or Enter, or press ? or * to list all spells.
Aiming: Flame Tongue
Press: ? - help, Shift-Dir - straight line, f/p - adder
Aim: an adder (heavily wounded)
The flame tongue hits the adder.
The adder is severely wounded.
You float gracefully downwards.
The adder barely misses you. The adder bites you.
You die...

.............##.............
.............#########......
.#...........###..†.........
........?....##..####''####.
.##.........#..##........##
...............##..........#
.............(##............
.#####...#S.###.............
....#...##@##..............
........##.#...............
.........#.#...............
.........#.#.......≈..≈....
.........#.+...............
...........+.......).......
...##......#.......≈..≈....
... #......#...............
.. #......#...............


You could see an adder.

Vanquished Creatures
  Ijyb (D:2)
  An adder (D:2)
  An ooze (D:2)
  2 worms (D:2)
  A ball python (D:2)
  2 bats
  3 giant cockroaches
  A hobgoblin (D:1)
  2 goblins
  3 kobolds (D:1)
  6 rats
23 creatures vanquished.

Notes
Turn   | Place    | Note
--------------------------------------------------------------
     0 | D:1      | inmateoo the Demonspawn Fire Elementalist began the quest for the Orb.
     0 | D:1      | Reached XP level 1. HP: 13/13 MP: 3/3
   595 | D:1      | Reached skill level 3 in Fire Magic
   595 | D:1      | Gained mutation: You have a pair of small antennae on your head. [demonic ancestry]
   595 | D:1      | Reached XP level 2. HP: 19/19 MP: 1/5
   994 | D:2      | Noticed Ijyb
  1220 | D:2      | Killed Ijyb
  1220 | D:2      | Gained mutation: You have a pair of antennae on your head. [demonic ancestry]
  1220 | D:2      | Reached XP level 3. HP: 15/24 MP: 1/6
  1477 | D:2      | HP: 1/24 [adder (2)]
  1480 | D:2      | Slain by an adder

Action                   || total
-------------------------++-------
Melee: Unarmed           ||    31
 Cast: Flame Tongue      ||    61
  Use: Potion            ||     2
  Eat: Chunk             ||     2
